 Dungeon Crawl Stone Soup version 0.26.0-91-g99b343417d (webtiles) character file.

Game seed: 5966889738223270290

581 Gadfly the Slasher (level 7, 0/93 HPs)
             Began as a Palentonga Delver on Feb 4, 2021.
             Slain by Pikel
             ... wielding a +0 whip of freezing
              (1 damage)
             ... on level 4 of the Dungeon.
             The game lasted 00:09:26 (5466 turns).

Gadfly the Slasher (Palentonga Delver)              Turns: 5466, Time: 00:09:26

Health: 0/93       AC: 13    Str: 18    XL:     7   Next: 13%
Magic:  7/7        EV:  9    Int: 10    God:
Gold:   301        SH:  0    Dex: 11    Spells: 6/6 levels left

rFire    . . .     SeeInvis +   a - +1 falchion (drain)
rCold    . . .     Faith    .   (no shield)
rNeg     . . .     Spirit   .   p - +1 ring mail (curse)
rPois    .         Reflect  .   (no helmet)
rElec    .         Harm     .   l - +0 cloak
rCorr    .         Rampage  .   u - +1 pair of gloves
Will     .....                  (no barding)
Stlth    ..........             j - amulet of the acrobat
HPRegen  0.25/turn              (no ring)
MPRegen  0.10/turn              (no ring)

@: berserking, corroded, curled up, very quick
A: large, rugged brown scales 3, see invisible, deformed body, roll 1, armoured
tail, reflexive curl
a: Rolling Charge


You were on level 4 of the Dungeon.
You visited 1 branch of the dungeon, and saw 5 of its levels.

You collected 301 gold pieces.

Inventory:

Hand Weapons
 a - a +1 falchion of draining (weapon)
 b - a +2 trident of venom
 v - a +2 short sword of holy wrath
Armour
 k - a +0 leather armour
 l - a +0 cloak (worn)
 p - a cursed +1 ring mail (worn)
 u - a +1 pair of gloves (worn)
Jewellery
 j - an amulet of the acrobat (around neck)
Wands
 g - a wand of digging (3)
Scrolls
 c - 3 scrolls of fog
 d - a scroll of magic mapping
 e - a scroll of fear
 n - a scroll of enchant weapon
 r - 3 scrolls of remove curse
 s - 2 scrolls of identify
Potions
 f - 2 potions of haste
 h - a potion of flight
 i - a potion of cancellation
 o - a potion of resistance


   Skills:
 + Level 3.9 Fighting
 * Level 4.3 Long Blades
 * Level 2.9 Armour
 + Level 2.6 Dodging
 - Level 3.3 Stealth
 * Level 3.2 Evocations


You had 6 spell levels left.
You didn't know any spells.
Your spell library contained the following spells:

 Spells                   Type           Power        Failure   Level
 Corona                   Hex            0%           54%         1
 Ensorcelled Hibernation  Hex/Ice        0%           69%         2
 Confusing Touch          Hex            0%           89%         3
 Dazzling Flash           Conj/Hex       0%           89%         3
 Tukima's Dance           Hex            0%           89%         3


Dungeon Overview and Level Annotations

Branches:
Dungeon (5/15)
 Temple: D:4-7

Altars:

Annotations:
D:4 Pikel


Innate Abilities, Weirdness & Mutations

You are completely covered in rugged brown scales. (AC +3, +7% HP)
You have supernaturally acute eyesight. (SInv)
Armour fits poorly on your strangely shaped body.
You can roll at nearby foes to attack.
You have a long armoured tail.
You curl defensively after being hit.


Message History

The acid corrodes you!
You are splashed with acid!
* * * LOW HITPOINT WARNING * * *
Pikel hits you but does no damage.
A red film seems to cover your vision as you go berserk!
You feel yourself moving faster!
You feel mighty! Pikel hits you but does no damage.
You hit Pikel.
Pikel is heavily wounded.
Pikel closely misses you.
You barely miss Pikel. You tail-slap Pikel!
Pikel is severely wounded.
Pikel hits you with a +0 whip of freezing.
* * * LOW HITPOINT WARNING * * *
Pikel freezes you.
* * * LOW HITPOINT WARNING * * *
You barely miss Pikel.
Pikel is severely wounded.
Pikel zaps a wand.
The bolt of acid misses you.
Pikel hits you with a +0 whip of freezing.
You die...

#.# #.# #.# #.# ######## #.# #
#......# ##)## #
#.####.#####>..## #
#........##.[...# #
#..###.#.@K5...########### #####
#..#......###............. ....#
#..#.#.#.## #.###########. ###.#
#........# #.# #. .##.#
#......### ##'## #. ..#.#
####.### ##...## #. ..#.# ##.#
##.....## ###. ..#.# ##..#
##.......## ##...
.##.#####...####.........####...#


You could see Pikel (fast, drained) and a lemure.

Vanquished Creatures
  An ogre (D:4)
  A howler monkey (D:4)
  2 orc priests (D:4)
  3 orc wizards
  Terence (D:2)
  Natasha (thrice) (D:2)
  2 worker ants (D:4)
  3 gnolls (D:3)
  2 adders
  2 oozes
  An adder skeleton (D:5)
  A worm (D:3)
  A dart slug (D:2)
  7 leopard geckos
  11 orcs
  2 ball pythons
  2 giant cockroaches (D:3)
  5 goblins (D:1)
  8 hobgoblins
  16 jackals
  2 quokkas
  8 bats
  10 frilled lizards
  7 kobolds
  6 rats
107 creatures vanquished.

Vanquished Creatures (others)
  8 plants (D:1)
8 creatures vanquished.

Grand Total: 115 creatures vanquished

Notes
Turn   | Place    | Note
-------+----------+-------------------------------------------
     0 | D:5      | Gadfly the Palentonga Delver began the quest for the Orb.
     0 | D:5      | Reached XP level 1. HP: 20/20 MP: 1/1
   121 | D:5      | Noticed an orc priest
   203 | D:3      | Reached XP level 2. HP: 27/27 MP: 2/2
   458 | D:2      | Noticed Terence
   501 | D:1      | Reached skill level 1 in Evocations
   507 | D:1      | Reached XP level 3. HP: 28/33 MP: 3/3
   675 | D:1      | Reached skill level 1 in Armour
  1325 | D:2      | Killed Terence
  1326 | D:2      | Reached XP level 4. HP: 23/40 MP: 4/4
  1813 | D:2      | Noticed Natasha
  1815 | D:2      | Reached skill level 3 in Long Blades
  1835 | D:2      | Killed Natasha
  2290 | D:2      | Noticed Natasha
  2294 | D:2      | Killed Natasha
  2295 | D:2      | Reached XP level 5. HP: 46/48 MP: 5/5
  2703 | D:2      | Noticed Natasha
  2707 | D:2      | Killed Natasha
  3094 | D:3      | Reached XP level 6. HP: 51/54 MP: 6/6
  4256 | D:4      | Reached skill level 4 in Long Blades
  5274 | D:4      | Gained mutation: You curl defensively after being hit.
                  | [Palentonga growth]
  5274 | D:4      | Reached XP level 7. HP: 43/62 MP: 7/7
  5429 | D:5      | Noticed Pikel
  5465 | D:4      | HP: 3/93 [Pikel/+0 whip of freezing (4)]
  5465 | D:4      | HP: 1/93 [Pikel/+0 whip of freezing (2)]
  5466 | D:4      | Slain by Pikel

Illustrated notes

Levels and vault maps discovered:
D:1:      amcnicky_arrival_choice, layout_loops_cross, minmay_lizard_king
D:2:      layout_loops_cross, uniq_natasha, uniq_terence
D:3:      layout_basic
D:4:      layout_loops_corners
D:5:      layout_cave_pools, uniq_prince_ribbit1, uniq_pikel

Skill      XL: |  1  2  3  4  5  6 |
---------------+-------------------+-----
Evocations     | 1 2 3 |  3.2
Armour         | 1 2 |  2.9
Long Blades    | 3 4 |  4.3
Dodging        | 2 |  2.6
Fighting       | |  3.9
Stealth        | |  3.3

Action                   |  1- 3 |  4- 6 |  7- 9 || total
-------------------------+-------+-------+-------++-------
Melee: Falchion          |    94 |   122 |    22 ||   238
       Tailslap          |     9 |    15 |     3 ||    27
 Abil: Rolling Charge    |    10 |    19 |       ||    29
  Use: Scroll            |     7 |     5 |       ||    12
       Potion            |     2 |     2 |     2 ||     6
 Stab: Sleeping          |     4 |       |       ||     4
       Distracted        |     1 |       |       ||     1
Armor: Leather armour    |    14 |       |       ||    14
       Ring mail         |    10 |    57 |     8 ||    75
Dodge: Dodged            |    59 |    75 |    18 ||   152
       Rpst.: Falchion   |    17 |    29 |     6 ||    52
